[Event "10e Festival Meurthe et Moselle"]
[Site "Nancy/France"]
[Date "2012.02.23"]
[Round "5"]
[White "Ravot, Sylvain"]
[Black "Donchenko, Alexander"]
[Result "0-1"]
[ECO "D27"]
[WhiteElo "2279"]
[BlackElo "2294"]
[PlyCount "110"]
[EventDate "2012.??.??"]
[TimeControl "40/5400+30:1800+30"]

1. d4 d5 2. c4 dxc4 3. e3 Nf6 4. Bxc4 e6 5. Nf3 c5 6. O-O a6 7. Bb3 Nc6 8. Qe2
Qc7 9. Nc3 Be7 10. dxc5 Bxc5 11. Bd2 O-O 12. Rac1 Ba7 13. Qc4 Bb8 14. Qh4 Ne5
15. Ne4 Nxf3+ 16. gxf3 Nxe4 17. Rxc7 Nxd2 18. Kg2 Nxf1 19. Rc2 Nxh2 20. Qe7 Be5
21. Rd2 Bf6 22. Qc7 Nxf3 23. Kxf3 h5 24. Kg2 g6 25. a4 a5 26. Bc4 Kg7 27. e4 e5
28. f3 h4 29. Kh2 h3 30. b3 Kg8 31. Rd6 Kg7 32. Rd1 Kg8 33. Rg1 Kg7 34. Rd1 Kg8
35. Kh1 Kg7 36. Rd3 Kg8 37. Rd6 Kg7 38. Rd3 Kg8 39. Rd1 Kg7 40. Rg1 h2 41. Rg3
Bh4 42. Qxe5+ Bf6 43. Qc7 Bd8 44. Qe5+ Bf6 45. Qc7 Bd8 46. Qd6 Re8 47. Bb5 Rh8
48. f4 Bh4 49. Qe5+ Bf6 50. Qd6 Be6 51. e5 Bh4 52. Rd3 Rad8 53. Qc5 Bf2 54. Qe7
Rxd3 55. Qf6+ Kg8 0-1

[Event "10e Festival Meurthe et Moselle"]
[Site "Nancy/France"]
[Date "2012.02.23"]
[Round "5"]
[White "Pucher, Sebastien"]
[Black "Bellahcene, Bilel"]
[Result "0-1"]
[ECO "C55"]
[WhiteElo "2239"]
[BlackElo "2328"]
[PlyCount "110"]
[EventDate "2012.??.??"]
[TimeControl "40/5400+30:1800+30"]

1. e4 e5 2. Bc4 Nf6 3. d3 Nc6 4. Nf3 Be7 5. O-O O-O 6. Re1 d6 7. a4 Na5 8. Ba2
c5 9. c3 Nc6 10. Na3 h6 11. Bd2 Nh7 12. Nc2 Kh8 13. d4 cxd4 14. cxd4 Bg4 15. d5
Nb8 16. Ne3 Bh5 17. g4 Bg6 18. Nf5 Bxf5 19. gxf5 Ng5 20. Nxg5 Bxg5 21. a5 Bxd2
22. Qxd2 Nd7 23. Rac1 Nf6 24. Bc4 Nh5 25. Bf1 Nf4 26. b4 g6 27. fxg6 Rg8 28.
Re3 Qf6 29. Rg3 Rxg6 30. Qe3 Rag8 31. Kh1 h5 32. Rxg6 Qxg6 33. f3 Ne2 34. Bh3
Nxc1 35. Qxc1 Qg5 36. Qe1 Qf4 37. Qc3 Qh4 38. Qe3 Qf4 39. Qc3 Qg5 40. Qe1 f6
41. b5 b6 42. axb6 axb6 43. Qf2 Qc1+ 44. Bf1 Rc8 45. Qg2 Qg5 46. Qf2 Rc1 47. h4
Qf4 48. Kg2 Rc5 49. Kh3 f5 50. Bd3 Rc3 51. Qe2 fxe4 52. Bxe4 Qg4+ 53. Kh2 Qxh4+
54. Kg2 Qg5+ 55. Kh2 h4 0-1

[Event "10e Festival Meurthe et Moselle"]
[Site "Nancy/France"]
[Date "2012.02.23"]
[Round "6"]
[White "Ninov, Nikolai"]
[Black "Ravot, Sylvain"]
[Result "1-0"]
[ECO "B82"]
[WhiteElo "2515"]
[BlackElo "2279"]
[PlyCount "39"]
[EventDate "2012.??.??"]
[EventCountry "FRA"]
[TimeControl "40/5400+30:1800+30"]

1. e4 c5 2. Nf3 e6 3. d4 cxd4 4. Nxd4 Nf6 5. Nc3 d6 6. f4 Be7 7. Bb5+ Nfd7 8.
f5 e5 9. Ne6 fxe6 10. Qh5+ Kf8 11. fxe6 Qe8 12. O-O+ Bf6 13. exd7 Bxd7 14.
Rxf6+ gxf6 15. Qh6+ Kf7 16. Nd5 Qd8 17. Qh5+ Kg8 18. Bc4 Be6 19. Bh6 Nd7 20.
Qg4+ 1-0

[Event "10e Festival Meurthe et Moselle"]
[Site "Nancy/France"]
[Date "2012.02.23"]
[Round "6"]
[White "Skytte, Rasmus"]
[Black "Alfred, Nathan S W"]
[Result "1-0"]
[ECO "E57"]
[WhiteElo "2388"]
[BlackElo "2288"]
[PlyCount "77"]
[EventDate "2012.??.??"]
[EventCountry "FRA"]
[TimeControl "40/5400+30:1800+30"]

1. e4 e6 2. d4 d5 3. Nd2 Nf6 4. Bd3 c5 5. c3 cxd4 6. cxd4 dxe4 7. Nxe4 Bb4+ 8.
Nc3 O-O 9. Nf3 Nc6 10. O-O b6 11. a3 Be7 12. Re1 Bb7 13. Bc2 Rc8 14. Qd3 g6 15.
Bh6 Re8 16. Rad1 Qc7 17. h3 Rcd8 18. Bb3 Na5 19. Ba2 Nd5 20. Ne4 Rc8 21. Rc1
Nf4 22. Bxf4 Qxf4 23. Rcd1 Red8 24. b4 Nc6 25. Bb3 Nb8 26. h4 a5 27. bxa5 bxa5
28. Neg5 Ba6 29. Qb1 Bxg5 30. Nxg5 Qxh4 31. Nxf7 Rd5 32. Bxd5 exd5 33. Ne5 Rf8
34. Qa2 Kg7 35. f3 Bc4 36. Qf2 Qg5 37. Rb1 h5 38. Rb7+ Kg8 39. Qc2 1-0

[Event "10e Festival Meurthe et Moselle"]
[Site "Nancy/France"]
[Date "2012.02.23"]
[Round "6"]
[White "Dubessay, Bastien"]
[Black "Le Corre, Benjamin"]
[Result "1-0"]
[ECO "E84"]
[WhiteElo "2360"]
[BlackElo "2312"]
[PlyCount "82"]
[EventDate "2012.??.??"]
[EventCountry "FRA"]
[TimeControl "40/5400+30:1800+30"]

1. d4 Nf6 2. c4 g6 3. Nc3 Bg7 4. e4 d6 5. f3 O-O 6. Nge2 Nc6 7. Be3 a6 8. Qd2
Rb8 9. Rc1 Bd7 10. Nd1 Ne8 11. Nf2 e5 12. d5 Ne7 13. Nd3 f5 14. Nc3 c5 15. b4
b6 16. Be2 a5 17. bxa5 bxa5 18. a4 Kh8 19. h3 Nf6 20. g4 fxe4 21. fxe4 Rb3 22.
Nf2 Rb4 23. Qc2 Nc8 24. Nb5 Nb6 25. Ra1 Ne8 26. h4 Bf6 27. g5 Be7 28. Bd2 h6
29. Bxb4 cxb4 30. Qd3 hxg5 31. c5 gxh4 32. cxb6 Qxb6 33. Rf1 Kg7 34. Ng4 Rxf1+
35. Kxf1 Bxg4 36. Bxg4 Nf6 37. Be2 h3 38. Rc1 b3 39. Nc3 b2 40. Rb1 Qb3 41. Kg1
Bd8 1-0

[Event "10e Festival Meurthe et Moselle"]
[Site "Nancy/France"]
[Date "2012.02.23"]
[Round "6"]
[White "Donchenko, Alexander"]
[Black "Pucher, Sebastien"]
[Result "1/2-1/2"]
[ECO "A26"]
[WhiteElo "2294"]
[BlackElo "2239"]
[PlyCount "49"]
[EventDate "2012.??.??"]
[EventCountry "FRA"]
[TimeControl "40/5400+30:1800+30"]

1. Nf3 Nf6 2. c4 g6 3. Nc3 Bg7 4. g3 O-O 5. Bg2 d6 6. O-O Nc6 7. Rb1 e5 8. d3
a6 9. b4 Nd4 10. Nxd4 exd4 11. Ne4 Nxe4 12. Bxe4 c6 13. a4 Bg4 14. Re1 Re8 15.
Qc2 Qd7 16. b5 axb5 17. axb5 d5 18. cxd5 cxd5 19. Bg2 Ra5 20. Qb3 Bf8 21. Bd2
Ra3 22. Qb2 Ra4 23. Qb3 Ra3 24. Qb2 Ra4 25. Qb3 1/2-1/2

[Event "10e Festival Meurthe et Moselle"]
[Site "Nancy/France"]
[Date "2012.02.23"]
[Round "6"]
[White "Adrian, Claude"]
[Black "Bellahcene, Bilel"]
[Result "1/2-1/2"]
[ECO "A33"]
[WhiteElo "2271"]
[BlackElo "2328"]
[PlyCount "79"]
[EventDate "2012.??.??"]
[EventCountry "FRA"]
[TimeControl "40/5400+30:1800+30"]

1. Nf3 Nf6 2. c4 c5 3. Nc3 Nc6 4. d4 cxd4 5. Nxd4 e6 6. g3 Qb6 7. Nb3 Ne5 8. e4
Bb4 9. Qe2 d6 10. f4 Nc6 11. Be3 Qc7 12. Bg2 Bxc3+ 13. bxc3 b6 14. e5 dxe5 15.
fxe5 Nd7 16. Nd4 Bb7 17. Nb5 Qxe5 18. O-O-O Ke7 19. Qd2 Rad8 20. Bf4 Nc5 21.
Nd4 Nxd4 22. Bxe5 Ncb3+ 23. axb3 Nxb3+ 24. Kc2 Nxd2 25. Bxb7 Nxc4 26. Bxg7 Rxd1
27. Kxd1 Rd8+ 28. Kc1 Rd2 29. g4 f6 30. h4 Kf7 31. Bh6 Rd3 32. Kc2 Rg3 33. g5
Ne3+ 34. Kb3 Nf5 35. Rf1 Rg4 36. Bc8 Rxh4 37. Re1 Nxh6 38. Bxe6+ Ke7 39. gxh6
Rxh6 40. Kb4 1/2-1/2